 Dungeon Crawl Stone Soup version 0.30-a0-374-g95c0257040 (webtiles) character file.

Game seed: 10961207688697713652

1587 pokeman the Thaumaturge (level 8, -7/44 HPs)
             Began as a Deep Elf Hedge Wizard on Nov 27, 2022.
             Was a Follower of Vehumet.
             Mangled by an orc warrior
             ... wielding a +0 battleaxe
              (12 damage)
             ... on level 7 of the Dungeon.
             The game lasted 00:12:20 (7292 turns).

pokeman the Thaumaturge (Deep Elf Hedge Wizard)     Turns: 7292, Time: 00:12:20

Health: -7/44      AC:  5    Str: 10    XL:     8   Next: 61%
Magic:  16/24      EV: 12    Int: 22    God:    Vehumet [*.....]
Gold:   322        SH:  0    Dex: 14    Spells: 14/28 levels left

rFire   . . .      SeeInvis .    b - +1 mace of the Jumping Lamprey {flame, Str+3}
rCold   . . .      Faith    .    (no shield)
rNeg    . . .      Spirit   .    o - +0 leather armour
rPois   +          Reflect  .    y - +0 helmet
rElec   .          Harm     .    u - scarf {repulsion}
rCorr   .          Rampage  .    t - +0 pair of gloves
Will    .....                    (no boots)
Stlth   ++........               (no amulet)
HPRegen 0.27/turn                e - ring of poison resistance
MPRegen 0.19/turn                (no ring)

@: repel missiles
A: no striking features
a: Renounce Religion


You were on level 7 of the Dungeon.
You worshipped Vehumet.
Vehumet was aware of your devotion.
You visited 2 branches of the dungeon, and saw 8 of its levels.

You collected 322 gold pieces.

Inventory:

Hand Weapons
 b - the +1 mace of the Jumping Lamprey (weapon) {flame, Str+3}
   (You found it on level 2 of the Dungeon)

   It burns those it strikes, dealing additional fire damage.
   Str:       It affects your strength (+3).
Missiles
 z - a throwing net
Armour
 o - a +0 leather armour (worn)
 r - a +0 buckler
 t - a +0 pair of gloves (worn)
 u - a scarf of repulsion (worn)
 y - a +0 helmet (worn)
Magical Staves
 x - a staff of earth
Jewellery
 e - a ring of poison resistance (left hand)
 s - a ring of wizardry
Wands
 D - a wand of light (4)
Scrolls
 a - 2 scrolls of blinking {unknown}
 f - 12 scrolls of identify {unknown}
 g - 2 scrolls of immolation {unknown}
 h - 2 scrolls of poison {unknown}
 j - 2 scrolls of butterflies {unknown}
 k - 3 scrolls of enchant weapon {unknown}
 l - 2 scrolls of teleportation {unknown}
 p - 4 scrolls of amnesia {unknown}
 w - a scroll of magic mapping {unknown}
 B - a scroll of vulnerability {unknown}
 C - a scroll of torment {unknown}
 E - a scroll of noise {unknown}
Potions
 c - a potion of lignification {unknown}
 d - 2 potions of magic
 i - 2 potions of degeneration {unknown}
 m - a potion of invisibility {unknown}
 n - 5 potions of curing {unknown}
 q - a potion of haste
 v - a potion of attraction {unknown}
 A - a potion of flight {unknown}


   Skills:
 + Level 2.0 Fighting
 - Level 2.2 Armour
 - Level 3.0 Dodging
 - Level 3.0 Stealth
 - Level 2.1 Shields
 * Level 10.5 Spellcasting
 + Level 5.6 Conjurations
 - Level 1.1 Summonings
 - Level 1.1 Translocations
 - Level 1.0 Air Magic
 - Level 1.0 Earth Magic
 - Level 1.0 Poison Magic
 - Level 1.0 Evocations


You had 14 spell levels left.
You knew the following spells:

 Your Spells              Type           Power      Damage    Failure   Level
a - Magic Dart            Conj           100%       1d8       1%          1
b - Mephitic Cloud        Conj/Pois/Air  22%        N/A       8%          3
c - Call Imp              Summ           16%        N/A       7%          2
d - Blink                 Tloc           32%        N/A       7%          2
e - Stone Arrow           Conj/Erth      52%        3d10      5%          3
f - Swiftness             Air            16%        N/A       16%         3

Your spell library contained the following spells:

 Spells                   Type           Power      Damage    Failure   Level
 Kiss of Death            Conj/Necr      96%        2d12      2%          1
 Sandblast                Erth           32%        2d9       4%          1
 Hailstorm                Conj/Ice       24%        3d7       7%          3
 Freeze                   Ice            44%        1d6       8%          1
 Slow                     Hex            44%        N/A       8%          1
 Cigotuvi's Dreadful Rot  Necr/Pois/Air  28%        N/A       9%          2
 Passwall                 Tmut/Erth      10%        N/A       10%         2
 Ensorcelled Hibernation  Hex/Ice        22%        N/A       12%         2
 Frozen Ramparts          Ice            22%        1d4       22%         3


Dungeon Overview and Level Annotations

Branches:
Dungeon (7/15)             Temple (1/1) D:4

Altars:
Dithmenos
Elyvilon
Fedhas
Gozag
Hepliaklqana
Kikubaaqudgha
Okawaru
Ru
Vehumet
Wu Jian
Xom
The Shining One

Shops:
D:1 :   D:5 *   D:6 (


Message History

Unknown command.
The bullfrog barely misses the orc warrior.
Casting: Mephitic Cloud (dangerous; 8% risk of failure)
Confirm with . or Enter, or press ? or * to list all spells.
Aiming: Mephitic Cloud (dangerous; 8% risk of failure)
Press: ? - help, Shift-Dir - straight line, f/p - orc warrior
Aim: an orc warrior, wielding a +0 battleaxe and wearing a +0 chain mail (moderately wounded, confused, chance to affect: 81%)
The ball explodes into a vile cloud!
The stinking cloud engulfs the orc warrior but does no damage.
The orc warrior is moderately wounded.
The stinking cloud engulfs the orc but does no damage.
The stinking cloud engulfs the bullfrog but does no damage.
The bullfrog is heavily wounded.
The stinking cloud engulfs you but does no damage.
You hear two shouts!
You hear a shout!
You hear an angry hiss.
You hear a shout!
The bullfrog hits the orc!
The orc is killed!
Vehumet accepts your kill.
The orc warrior is engulfed in noxious fumes.
The orc warrior hits you with a +0 battleaxe.
Unknown command.
Unknown command.
You hit the orc warrior. You burn the orc warrior.
The orc warrior is heavily wounded.
The orc warrior is engulfed in noxious fumes.
Unknown command.
Unknown command.
You hit the bullfrog. You burn the bullfrog.
The bullfrog is heavily wounded.
The bullfrog seems less confused.
The bullfrog hits you but does no damage.
The orc warrior is engulfed in noxious fumes.
The orc warrior appears confused.
The orc warrior hits you with a +0 battleaxe!
* * * LOW HITPOINT WARNING * * *
The bullfrog barely misses you.
The orc warrior is engulfed in noxious fumes.
The orc warrior hits you with a +0 battleaxe!
You die...

## .. #
#. #.#.##
#.#..#
....###.#
#.o...$#
#oF# #.@#
#.<# #..#
#..# #...
.....
.#....#
........
..
.....#.


You could see an orc warrior (confused), a bullfrog and an orc.

Vanquished Creatures
  A water moccasin (D:6)
  A sky beast (D:7)
  An ogre (D:5)
  A centaur (D:5)
  A necrophage (D:5)
  2 scorpions (D:4)
  A howler monkey (D:4)
  8 hounds
  2 jellies
  2 gnoll boudas (D:6)
  5 iguanas
  An orc wizard (D:7)
  8 adders
  17 gnolls
  An ufetubus (D:5)
  2 worms (D:2)
  A dart slug (D:4)
  2 orcs
  15 ball pythons
  3 bats
  5 endoplasms
  4 giant cockroaches
  6 goblins
  6 hobgoblins
  3 jackals (D:4)
  5 kobolds
  4 quokkas
  6 frilled lizards
  4 rats
118 creatures vanquished.

Vanquished Creatures (collateral kills)
  Prince Ribbit (D:6)
1 creature vanquished.

Vanquished Creatures (others)
  5 fungi (D:2)
  6 plants
11 creatures vanquished.

Grand Total: 130 creatures vanquished

Notes
Turn   | Place    | Note
-------+----------+-------------------------------------------
     0 | D:1      | pokeman the Deep Elf Hedge Wizard began the quest for the
                  | Orb.
     0 | D:1      | Reached XP level 1. HP: 10/10 MP: 7/7
   309 | D:1      | Reached XP level 2. HP: 16/16 MP: 3/9
   463 | D:1      | Found Qatech's Book Emporium.
   648 | D:1      | Reached skill level 5 in Spellcasting
   940 | D:1      | Reached XP level 3. HP: 20/20 MP: 5/11
   944 | D:1      | Learned a level 3 spell: Mephitic Cloud
   947 | D:1      | Learned a level 2 spell: Call Imp
   950 | D:1      | Learned a level 2 spell: Blink
  1480 | D:2      | Reached skill level 1 in Fighting
  1484 | D:2      | Learned a level 3 spell: Stone Arrow
  1497 | D:2      | Reached skill level 1 in Armour
  1746 | D:2      | Reached XP level 4. HP: 25/25 MP: 8/13
  2129 | D:2      | Identified the +1 mace of the Jumping Lamprey {flame,
                  | Str+3}
  2488 | D:2      | Found a faded altar of an unknown god.
  2792 | D:3      | Reached skill level 1 in Poison Magic
  2923 | D:3      | Found an ornate altar of the Wu Jian Council.
  2923 | D:3      | Found a shimmering altar of Xom.
  3357 | D:3      | Reached skill level 6 in Spellcasting
  3679 | D:4      | Reached skill level 1 in Earth Magic
  3679 | D:4      | Reached XP level 5. HP: 14/29 MP: 8/15
  3867 | D:4      | Reached skill level 1 in Air Magic
  4105 | D:4      | Reached skill level 1 in Shields
  4105 | D:4      | Reached XP level 6. HP: 22/34 MP: 14/17
  4442 | D:4      | Reached skill level 7 in Spellcasting
  4998 | D:4      | Found a staircase to the Ecumenical Temple.
  5214 | Temple   | Entered the Ecumenical Temple
  5255 | Temple   | Became a worshipper of Vehumet
  5427 | D:5      | Entered Level 5 of the Dungeon
  5490 | D:4      | Reached XP level 7. HP: 14/38 MP: 3/20
  5648 | D:5      | Reached skill level 8 in Spellcasting
  6146 | D:5      | Found Vymmickicuj's Assorted Antiques.
  6381 | D:6      | Found an iron altar of Okawaru.
  6404 | D:6      | Reached skill level 9 in Spellcasting
  6525 | D:6      | Noticed Prince Ribbit
  6545 | D:6      | Killed Prince Ribbit
  6546 | D:6      | Reached skill level 5 in Conjurations
  6546 | D:6      | Reached XP level 8. HP: 20/43 MP: 0/23
  6754 | D:6      | Found Fiohae's Weapon Boutique.
  6763 | D:6      | Learned a level 3 spell: Swiftness
  6803 | D:6      | Reached * piety under Vehumet
  6803 | D:6      | Offered knowledge of Kiss of Death by Vehumet.
  6804 | D:6      | Reached skill level 10 in Spellcasting
  6809 | D:6      | Reached skill level 1 in Evocations
  7292 | D:7      | Mangled by an orc warrior

Illustrated notes

Levels and vault maps discovered:
D:1:      sevenhm_arrival_forest_fort_large_4, layout_basic, serial_shops,
          shop_fountains
D:2:      layout_basic, dreamdust_ecumenical_altar_hidden_monk_grotto
D:3:      layout_basic, xom_confusion_cloud, lemuel_round_altar
D:4:      layout_loops_corners, minmay_temple_entry_poolview,
          saegor_snake_ambush
D:5:      layout_rooms, serial_shops, nicolae_shop_advertising_works
          [nicolae_subvault_shop_adworks]
D:6:      layout_cave_pools, okawaru_ov_weapons_minmay, serial_shops,
          nicolae_shop_bloodbath_and_beyond, uniq_prince_ribbit1
D:7:      layout_basic, zin_purify, uniq_joseph, uniq_pikel
Temple:   nicolae_temple_hex_pool

Skill      XL: |  1  2  3  4  5  6  7  8 |
---------------+-------------------------+-----
Spellcasting   | 5 6 7 9 10 | 10.5
Fighting       | 1 2 |  2.0
Armour         | 1 2 |  2.2
Conjurations   | 2 3 5 |  5.6
Poison Magic   | 1 |  1.0
Dodging        | 3 |  3.0
Earth Magic    | 1 |  1.0
Air Magic      | 1 |  1.0
Shields        | 1 2 |  2.1
Stealth        | 3 |  3.0
Evocations     | 1 |  1.0
Summonings     | |  1.1
Translocations | |  1.1

Action                   |  1- 3 |  4- 6 |  7- 9 || total
-------------------------+-------+-------+-------++-------
Melee: Dagger            |     4 |       |       ||     4
       Mace              |       |    18 |    59 ||    77
       Punch             |       |       |     3 ||     3
 Cast: Magic Dart        |    84 |   161 |   101 ||   346
       Mephitic Cloud    |     1 |     7 |    16 ||    24
       Blink             |       |     1 |       ||     1
       Call Imp          |       |       |     2 ||     2
 Stab: Confused          |     1 |     3 |     9 ||    13
Armor: Robe              |     5 |       |       ||     5
       Leather armour    |       |     8 |    15 ||    23
Dodge: Dodged            |    10 |    31 |    57 ||    98

Table legend: (Time is in decaauts)
 A = Elapsed time spent in this place.
 B = Non-inter-level travel time spent in this place.
 C = Inter-level travel time spent in this place.
 D = Time resting spent in this place.
 E = Time spent auto-exploring this place.
 F = Levels seen in this place.
 G = Mean time per level.
                   A        B        C        D        E       F      G
               +--------+--------+--------+--------+--------+-----+--------+
         Total |   7344 |   7133 |    211 |     96 |   6151 |   8 |  918.0 |
       Dungeon |   7270 |   7090 |    180 |     96 |   6120 |   7 | 1038.6 |
        Temple |     73 |     42 |     31 |      0 |     31 |   1 |   73.0 |
               +--------+--------+--------+--------+--------+-----+--------+

Top non-repeatable levels by time:
     D:4: 1816 daAuts
     D:1: 1467 daAuts
     D:2: 1241 daAuts
     D:3: 960 daAuts
     D:6: 903 daAuts
     D:5: 840 daAuts
  Temple: 73 daAuts
     D:7: 40 daAuts
